 Dungeon Crawl Stone Soup version 0.18.1-47-g9310371 (webtiles) character file.

48 KrisztiCat the Digger (level 3, 0/19 HPs)
             Began as a Gargoyle Earth Elementalist on June 17, 2016.
             Slain by a worker ant (2 damage)
             ... on level 2 of the Dungeon.
             The game lasted 00:06:10 (918 turns).

KrisztiCat the Digger (Gargoyle Earth Elementalist)  Turns: 918, Time: 00:06:11

Health: 0/19       AC:  7    Str: 11    XL:     3   Next: 72%
Magic:  0/7        EV: 12    Int: 16    God:
Gold:   25         SH:  0    Dex: 10    Spells: 1 memorised, 7 levels left

rFire  . . .     SeeInvis .     e - +0 dagger
rCold  . . .     Gourm    .     a - +0 robe
rNeg   + . .     Faith    .     (no shield)
rPois  ∞         Spirit   .     (no helmet)
rElec  +         Dismiss  .     (no cloak)
rCorr  .         Reflect  .     (no gloves)
SustAt .         Harm     .     g - +1 pair of boots
MR     .....                    (no amulet)
Stlth  ++........               (no ring)
                                (no ring)

@: not resistant to hostile enchantments, unstealthy
A: negative energy resistance 1, electricity resistance, unbreathing,
petrification resistance, rot immunity, AC +3
a: no special abilities


You were on level 2 of the Dungeon.
You were not hungry.

You visited 1 branch of the dungeon, and saw 3 of its levels.

You collected 25 gold pieces.

Inventory:

Hand Weapons
 e - a +0 dagger (weapon)
Missiles
 b - 20 stones (quivered)
Armour
 a - a +0 robe (worn)
 g - a +1 pair of boots (worn)
Scrolls
 k - a scroll of remove curse {unknown}
 n - a scroll of identify {unknown}
Potions
 f - a potion of curing {unknown}
 i - a potion of heal wounds {unknown}
 l - a potion of might {unknown}
 m - a potion of mutation {unknown}
Books
 c - a book of Geomancy

   Spells                             Type                      Level
   a - Sandblast                      Earth                        1
   b - Passwall                       Transmutation/Earth          2
   c - Stone Arrow                    Conjuration/Earth            3
   d - Petrify                        Transmutation/Earth          4
   e - Lee's Rapid Deconstruction     Earth                        5
Comestibles
 d - 2 bread rations
 h - 3 chunks of flesh
 j - a meat ration


   Skills:
 - Level 0.1 Short Blades
 - Level 1.7 Dodging
 - Level 2.3 Stealth
 * Level 3.0 Spellcasting
   Level 0.7 Transmutations
 + Level 4.2 Earth Magic


You had 7 spell levels left.
You knew the following spells:

 Your Spells              Type           Power        Failure   Level  Hunger
a - Sandblast             Erth           ###...       4%          1    #......


Dungeon Overview and Level Annotations

Branches:
Dungeon (3/15)

Altars:
Trog


Innate Abilities, Weirdness & Mutations

You are resistant to torment.
Your stone body is resilient (AC +3).
You are immune to poison.
You resist negative energy.
You are resistant to electric shocks.
You can survive without breathing.
You are immune to petrification.
You are immune to rotting.


Message History

Casting: Sandblast
Confirm with . or Enter, or press ? or * to list all spells.
Aiming: Sandblast
Press: ? - help, Shift-Dir - straight line, f/p - worker ant
Aim: a worker ant (moderately wounded)
The blast of sand hits the worker ant.
The worker ant is moderately wounded.
The worker ant bites you. The worker ant barely misses you.
You hit the worker ant.
The worker ant is heavily wounded.
The worker ant bites you.
* * * LOW HITPOINT WARNING * * *
The worker ant bites you.
* * * LOW HITPOINT WARNING * * *
You climb upwards.
The hobgoblin shouts!
There is a stone staircase leading down here.
You see here a chunk of flesh.
The worker ant bites you.
You die...

..... # #...# #.. . #...#
#.. # #...# #.# # #...#
#.# # #...# #.#
########...#####.## #
#.................#.#.###
................@>.......
.................a..#$..#
.#####.......#####....# #
## #.#...#.# #.$.... #
#.......# ##.### ..
.........# ... ###
#........# #.# #
........## .. # #.#.....


You could see a worker ant.

Vanquished Creatures
  2 oozes (D:1)
  A worm (D:2)
  2 dart slugs
  A giant gecko (D:1)
  A giant cockroach (D:1)
  6 hobgoblins (D:1)
  3 jackals (D:1)
  2 kobolds (D:1)
  8 bats
  A giant newt (D:1)
  2 goblins (D:1)
  2 rats (D:2)
31 creatures vanquished.

Notes
Turn   | Place    | Note
--------------------------------------------------------------
     0 | D:1      | KrisztiCat the Gargoyle Earth Elementalist began the quest for the Orb.
     0 | D:1      | Reached XP level 1. HP: 10/10 MP: 3/3
   114 | D:1      | Reached XP level 2. HP: 15/15 MP: 0/5
   189 | D:1      | Reached skill level 4 in Earth Magic
   204 | D:1      | Reached XP level 3. HP: 5/19 MP: 0/6
   837 | D:2      | Found a bloodstained altar of Trog.
   918 | D:2      | Slain by a worker ant

Skill      XL: |  1  2  3 |
---------------+----------+-----
Earth Magic    | 4 |  4.2
Spellcasting   | 3 |  3.0
Short Blades   | |  0.1
Dodging        | |  1.7
Stealth        | |  2.3
Transmutations | |  0.7

Action                   || total
-------------------------++-------
Melee: Dagger            ||    71
 Cast: Sandblast         ||    42
 Stab: Sleeping          ||     3
       Distracted        ||     1
Armor: Robe              ||    63
Dodge: Dodged            ||    84
